 Dungeon Crawl Stone Soup version 0.30-a0-46-g5a63ccc183 (webtiles) character file.

Game seed: 11725894930114835123

616 ytrimaz the Changer (level 7, -6/43 HPs)
             Began as an Octopode Transmuter on Sept 1, 2022.
             Was a Priest of Elyvilon.
             Mangled by a gnoll bouda
             ... wielding a +0 club
              (11 damage)
             ... on level 5 of the Dungeon.
             The game lasted 00:06:08 (5848 turns).

ytrimaz the Changer (Octopode Transmuter)           Turns: 5848, Time: 00:06:09

Health: -6/43      AC:  1    Str: 15    XL:     7   Next: 45%
Magic:  21/22      EV: 17    Int: 18    God:    Elyvilon [***...]
Gold:   275        SH:  0    Dex:  9    Spells: 4/14 levels left

rFire   . . .      SeeInvis .      - Unarmed
rCold   . . .      Faith    .    (no shield)
rNeg    + + .      Spirit   .    (helmet restricted)
rPois   +          Reflect  .    (no amulet)
rElec   .          Harm     .    c - +4 ring of evasion
rCorr   .          Rampage  .    a - +6 ring of strength
Will    .....                    i - ring "Usteg" {rPois rN++ Dex-3}
Stlth   ++........               l - ring of magical power
HPRegen 0.14/turn                (no ring)
MPRegen 0.18/turn                (no ring)
                                 (no ring)
                                 (no ring)

@: weakened, wereblooded
A: almost no armour, amphibious, 8 rings, camouflage 1, gelatinous body 1,
(nimble swimmer 1), tentacles
a: Renounce Religion, Purification, Heal Other, Heal Self


You were on level 5 of the Dungeon.
You worshipped Elyvilon.
Elyvilon was most pleased with you.
You visited 1 branch of the dungeon, and saw 5 of its levels.

You collected 275 gold pieces.


Innate Abilities, Weirdness & Mutations

You cannot wear most types of armour.
You are amphibious.
You can wear up to eight rings at the same time.
Your skin changes colour to match your surroundings (Stealth+).
Your rubbery body absorbs attacks. (AC +1, EV +1)
((You are camouflaged when in or above water. (Stealth+)))
You have tentacles for arms and can constrict up to eight enemies at once.


   Skills:
 - Level 1.3 Fighting
 - Level 2.2 Dodging
 - Level 3.4 Unarmed Combat
 + Level 4.0 Spellcasting
 + Level 4.4 Transmutations
 * Level 3.0 Ice Magic
 - Level 4.0 Poison Magic


You had 4 spell levels left.
You knew the following spells:

 Your Spells              Type           Power      Damage    Failure   Level
a - Beastly Appendage     Tmut           38%        N/A       2%          1
b - Wereblood             Tmut           19%        N/A       3%          2
c - Spider Form           Tmut/Pois      18%        N/A       8%          3
d - Ice Form              Ice/Tmut       17%        N/A       30%         4

Your spell library contained the following spells:

 Spells                   Type           Power      Damage    Failure   Level
 Freeze                   Ice            56%        1d7       4%          1
 Frozen Ramparts          Ice            28%        1d5       13%         3
 Shock                    Conj/Air       12%        1d3       14%         1
 Slow                     Hex            12%        N/A       14%         1
 Ignite Poison            Fire/Tmut/Pois 13%        N/A       14%         3
 Confusing Touch          Hex            3%         N/A       41%         3
 Conjure Flame            Conj/Fire      3%         6-21      41%         3
 Swiftness                Air            3%         N/A       41%         3
 Vampiric Draining        Necr           3%         2d6       41%         3
 Hailstorm                Conj/Ice       9%         3d4       61%         4
 Airstrike                Air            1%         2d(1-17)  82%         4
 Sticky Flame             Conj/Fire      3%         2d3       82%         4
 Iskenderun's Battlesphe  Conj           3%         2d6       99%         5
 Iron Shot                Conj/Erth      1%         9d1       100%        6
 Spellforged Servitor     Conj/Summ      1%         N/A       100%        7

Inventory:

Missiles
 d - 46 stones {throwing}
 j - 3 curare-tipped darts {=fthrowing}
 q - 2 poisoned darts {throwing}
Jewellery
 a - a +6 ring of strength (right tentacle)
   (You found it on level 3 of the Dungeon)
 c - a +4 ring of evasion (left tentacle)
   (You found it on level 1 of the Dungeon)
 i - the ring "Usteg" (on tentacle) {rPois rN++ Dex-3}
   (You acquired it on level 3 of the Dungeon)

   [ring of poison resistance]

   Dex:       It affects your dexterity (-3).
   rPois:     It protects you from poison.
   rN:        It greatly protects you from negative energy.
 l - a ring of magical power (on tentacle)
   (You found it on level 3 of the Dungeon)
Wands
 k - a wand of digging (6)
   (You found it on level 3 of the Dungeon)
 p - a wand of paralysis (3)
   (You took it off Ijyb on level 3 of the Dungeon)
 u - a wand of iceblast (10)
   (You found it on level 5 of the Dungeon)
Scrolls
 b - a scroll of poison {!r}
 e - 3 scrolls of teleportation {@r4}
 t - a scroll of butterflies
 v - a scroll of fear {unknown}
Potions
 f - 3 potions of attraction {!q}
 h - a potion of resistance {unknown}
 m - 3 potions of magic {unknown}
 n - 2 potions of degeneration {unknown}
 o - a potion of might
 r - a potion of cancellation {unknown}
 s - a potion of berserk rage {unknown}

Dungeon Overview and Level Annotations

Branches:
Dungeon (5/15) Zot: 24168
 Temple: D:4-7

Altars:
Elyvilon
Uskayaw

...........#.............#
.........)...............#
.........##..............#.....
.........##.####...#######.....
..............##...#######.....
...............................
..............gg...............
......^..#.#...g...............
.........#.#..g.@..............
.........#.#..##...............
........#.#..##......#####....
.....####.####.............. .
....#.......#..............
##.###.##.....#.####...
#.##...#.....#.# ..
#.###.##.....#.#
#.#.#.#......#.#


You could see a gnoll bouda and 3 gnolls.


Message History

You turn into a venomous arachnid creature. 😎 MP[-3]
You lost 3 mp, and now have 19/22 mp.
Unknown command.
A gnoll bouda comes into view. It is wielding a +0 club.
The gnoll bouda shouts!
The gnoll shouts!
A gnoll comes into view. It is wielding a +0 spear.
A gnoll comes into view. It is wielding a +0 whip.
The gnoll shouts! x2; You hear an angry hiss.
The gnoll closely misses you.
The gnoll bouda barks out a call to the hunt!
The gnolls pick up the pace!
The gnoll closely misses you.
The gnoll throws a throwing net.
The throwing net hits you.
You become entangled in the net!
You see here a throwing net {=f!fthrowing}. 😎 MP[+1]
You struggle against the net.
The gnoll bouda closely misses you.
The gnoll misses you. x2; The gnoll hits you with a +0 whip.
You tear a large gash into the net.
The gnoll bouda gazes fiercely through you!
You feel your attacks grow feeble.
The gnoll bouda hits you with a +0 club!
The gnoll closely misses you.
The gnoll hits you from afar with a +0 spear. 😮 HP[-15]
You take 15 damage, and now have 28/43 hp.
MASSIVE DAMAGE!! (PAUSE)
You rip the net and break free!
The gnoll bouda closely misses you. The gnoll closely misses you.
The gnoll misses you.
The gnoll hits you with a +0 whip. 😮 HP[-3]
You take 3 damage, and now have 25/43 hp.
Unknown command.
The gnoll completely misses you. 😮 MP[+1]
The gnoll barely misses you. 😮 HP[+1]
Your attacks no longer feel as feeble.
Casting: Spider Form (quite dangerous; 21% risk of failure)
Confirm with . or Enter, or press ? or * to list all spells.
Your blood is infused with primal strength.
Your transformation is almost over.
The gnoll completely misses you. 😮 MP[-2]
You lost 2 mp, and now have 19/22 mp.
The gnoll bouda gazes fiercely through you!
You feel your attacks grow feeble.
The gnoll hits you from afar with a +0 spear.
The gnoll bouda hits you with a +0 club.
The gnoll completely misses you.
The gnoll closely misses you. 😮 HP[-3] MP[+1]
You take 3 damage, and now have 23/43 hp.
Unknown command.
You hit the gnoll bouda.
The gnoll is no longer moving quickly.
The gnoll hits you from afar with a +0 spear!
* * * LOW HITPOINT WARNING * * *
The gnoll closely misses you.
The gnoll completely misses you. 😨 HP[-7]
You take 7 damage, and now have 16/43 hp.
Unknown command.
The gnoll is no longer moving quickly.
The gnoll completely misses you.
The gnoll bouda gazes fiercely through you!
You feel as though you will be weak longer.
The gnoll bouda barely misses you.
The gnoll misses you. 😨 HP[+1] Unknown command.
The gnoll bouda attacks as you move away!
The gnoll bouda barely misses you. The gnoll attacks as you move away!
The gnoll completely misses you. The gnoll hits you with a +0 spear!
* * * LOW HITPOINT WARNING * * *
The gnoll hits you from afar with a +0 spear.
* * * LOW HITPOINT WARNING * * *
😱 HP[-16]
You take 16 damage, and now have 1/43 hp.
MASSIVE DAMAGE!! (PAUSE)
You feel better.
The gnoll bouda hits you with a +0 club.
* * * LOW HITPOINT WARNING * * *
The gnoll closely misses you. x2 😱 HP[+2]
You regained 2 hp, and now have 3/43 hp.
Unknown command.
The gnoll bouda barks out a call to the hunt!
The gnolls pick up the pace! 😱 MP[+1]
You feel better. The gnoll closely misses you.
The gnoll hits you with a +0 spear.
* * * LOW HITPOINT WARNING * * *
😱 HP[+1]
The gnoll bouda attacks as you move away!
The gnoll bouda barely misses you.
The gnoll is no longer moving quickly.
The gnoll misses you.
Your transformation has ended.
The gnoll closely misses you. 😱 HP[+1] Unknown command.
The gnoll bouda attacks as you move away!
The gnoll bouda hits you with a +0 club!
You die...

Skill      XL: |  1  2  3  4  5  6  7 |
---------------+----------------------+-----
Poison Magic   | 1 2 4 |  4.0
Transmutations | 3 4 |  4.4
Spellcasting   | 3 4 |  4.0
Ice Magic      | 1 3 |  3.0
Fighting       | |  1.3
Dodging        | |  2.2
Unarmed Combat | |  3.4

Action                   |  1- 3 |  4- 6 |  7- 9 || total
-------------------------+-------+-------+-------++-------
Melee: Unarmed           |    99 |   139 |    26 ||   264
       Constrict         |    14 |    11 |     3 ||    28
       Kick              |     9 |     4 |       ||    13
       Tentacles         |    13 |     9 |     3 ||    25
       Punch             |     2 |     2 |       ||     4
 Cast: Beastly Appendage |    13 |     4 |       ||    17
       Spider Form       |     1 |    19 |     3 ||    23
       Wereblood         |       |     1 |     2 ||     3
       Ice Form          |       |     2 |       ||     2
  Use: Scroll            |     5 |     7 |       ||    12
       Potion            |     1 |     1 |     4 ||     6
 Stab: Sleeping          |     2 |     1 |       ||     3
Armor: Skin              |    25 |    14 |     2 ||    41
Dodge: Dodged            |    47 |   158 |   115 ||   320

Levels and vault maps discovered:
D:1:      lightli_arrival_statue_moat, layout_basic, minmay_lizard_king
D:2:      layout_loops_ring, hellmonk_ecumenical_altar_prayer_group
D:3:      layout_basic, amcnicky_altar_gilded, fountainhead, serial_park_tiny_1,
          uniq_ijyb, uniq_robin
D:4:      layout_loops_ring, uniq_menkaure
D:5:      layout_basic, grunt_decor_fettered, uniq_sigmund

Notes
Turn   | Place    | Note
-------+----------+-------------------------------------------
     0 | D:1      | ytrimaz the Octopode Transmuter began the quest for the
                  | Orb.
     0 | D:1      | Reached XP level 1. HP: 13/13 MP: 3/3
     0 | D:1      | magus.rc [v1.9.6]
   361 | D:1      | Reached XP level 2. HP: 15/18 MP: 3/5
  1032 | D:1      | You pick up a book of Power and begin reading...
  1032 | D:1      | You add the spells Iskenderun's Battlesphere, Iron Shot and
                  | Spellforged Servitor to your library.
  1466 | D:1      | Reached XP level 3. HP: 23/23 MP: 4/6
  1596 | D:1      | Learned a level 2 spell: Wereblood
  1600 | D:1      | Learned a level 3 spell: Spider Form
  1907 | D:2      | Reached skill level 1 in Poison Magic
  2154 | D:2      | Reached XP level 4. HP: 12/28 MP: 4/7
  2355 | D:2      | Reached skill level 2 in Poison Magic
  2359 | D:2      | You pick up a book of Air and begin reading...
  2359 | D:2      | You add the spells Shock, Swiftness and Airstrike to your
                  | library.
  2758 | D:2      | Found a faded altar of an unknown god.
  2766 | D:2      | Prayed at the altar of an unknown god.
  2766 | D:2      | Became a worshipper of Elyvilon the Healer
  2766 | D:2      | Reached * piety under Elyvilon
  3046 | D:3      | Noticed Robin
  3063 | D:3      | HP: 4/27 [frozen (3)]
  3067 | D:3      | Killed Robin
  3094 | D:3      | Reached XP level 5. HP: 20/33 MP: 3/9
  3385 | D:3      | Reached skill level 3 in Poison Magic
  3479 | D:3      | Found a hide-covered altar of Uskayaw.
  3532 | D:3      | Reached ** piety under Elyvilon
  3602 | D:3      | Identified a scroll of acquirement
  3602 | D:3      | Acquired the ring "Usteg" {rPois rN++ Dex-3}
  3755 | D:3      | Reached skill level 3 in Transmutations
  3977 | D:3      | You add the spells Conjure Flame, Ignite Poison and Sticky
                  | Flame to your library.
  4161 | D:3      | Noticed Ijyb
  4164 | D:3      | Paralysed by Ijyb for 3 turns
  4172 | D:3      | Killed Ijyb
  4357 | D:3      | Reached skill level 3 in Spellcasting
  4728 | D:4      | You pick up a book of Debilitation and begin reading...
  4728 | D:4      | You add the spells Slow, Vampiric Draining and Confusing
                  | Touch to your library.
  4809 | D:4      | Noticed an ice beast
  4818 | D:4      | Noticed Menkaure
  4825 | D:4      | Learned a level 4 spell: Ice Form
  4943 | D:4      | Killed an ice beast
  4944 | D:4      | Reached skill level 4 in Poison Magic
  4944 | D:4      | Reached XP level 6. HP: 37/38 MP: 11/11
  5105 | D:4      | Killed Menkaure
  5106 | D:4      | Reached skill level 4 in Transmutations
  5106 | D:4      | Reached skill level 1 in Ice Magic
  5162 | D:4      | You pick up a book of Frost and begin reading...
  5162 | D:4      | You add the spells Freeze, Frozen Ramparts and Hailstorm to
                  | your library.
  5447 | D:4      | Reached XP level 7. HP: 43/43 MP: 12/12
  5450 | D:5      | Entered Level 5 of the Dungeon
  5464 | D:5      | Reached skill level 2 in Ice Magic
  5490 | D:5      | HP: 9/43 [centaur/arrow (11)]
  5497 | D:5      | HP: 9/43 [centaur (2)]
  5500 | D:5      | Reached skill level 4 in Spellcasting
  5500 | D:5      | Reached skill level 3 in Ice Magic
  5504 | D:5      | You pick up a book of Frost and begin reading...
  5818 | D:5      | Reached *** piety under Elyvilon
  5841 | D:5      | HP: 7/43 [gnoll/+0 spear[a gnoll bouda] (10)]
  5841 | D:5      | HP: 1/43 [gnoll/+0 spear[a gnoll bouda] (6)]
  5848 | D:5      | Mangled by a gnoll bouda

Vanquished Creatures
  Menkaure (D:4)
  An ice beast (D:4)
  An ogre (D:5)
  A centaur (D:5)
  An iguana (D:3)
  Ijyb (D:3)
  Robin (D:3)
  7 adders
  An ufetubus (D:5)
  A worm (D:3)
  2 dart slugs
  16 orcs
  4 bats
  9 endoplasms
  4 giant cockroaches
  13 goblins
  8 hobgoblins
  6 quokkas
  3 ball pythons
  14 frilled lizards
  8 kobolds
  7 rats
110 creatures vanquished.

Vanquished Creatures (others)
  4 plants (D:1)
4 creatures vanquished.

Grand Total: 114 creatures vanquished

Table legend:
 A = Non-vault XP
 B = Vault XP
 C = Vault XP percentage of total XP
 D = Non-vault monster count
 E = Vault monster count
 F = Vault count percentage of total count
                 A         B        C        D         E       F
            +---------+---------+-------+---------+---------+-------
      Total |     642 |     238 |  27.0 |      85 |      25 |  22.7
            +---------+---------+-------+---------+---------+-------
        D:1 |      29 |      11 |  27.5 |      15 |      11 |  42.3
        D:2 |      79 |       0 |   0.0 |      25 |       0 |   0.0
        D:3 |      90 |      73 |  44.8 |      20 |      13 |  39.4
        D:4 |     188 |     154 |  45.0 |      18 |       1 |   5.3
        D:5 |     256 |       0 |   0.0 |       7 |       0 |   0.0
            +---------+---------+-------+---------+---------+-------

Illustrated notes

Table legend:
 A = Kills in this place as a percentage of kills in entire the game.
 B = Kills by you in this place as a percentage of kills by you in the entire game.
 C = Kills by friends in this place as a percentage of kills by friends in the entire game.
 D = Other kills in this place as a percentage of other kills in the entire game.
 E = Experience gained in this place as a percentage of experience gained in the entire game.
 F = Experience gained in this place divided by the number of levels of this place that you have seen.
                   A       B       C       D       E      F
               +-------+-------+-------+-------+-------+----------------------
         Total | 100.0 | 100.0 |   N/A |   N/A | 100.0 | 176.0
       Dungeon | 100.0 | 100.0 |   N/A |   N/A | 100.0 | 176.0
               +-------+-------+-------+-------+-------+----------------------

Table legend: (Time is in decaauts)
 A = Elapsed time spent in this place.
 B = Non-inter-level travel time spent in this place.
 C = Inter-level travel time spent in this place.
 D = Time resting spent in this place.
 E = Time spent auto-exploring this place.
 F = Levels seen in this place.
 G = Mean time per level.
                   A        B        C        D        E       F      G
               +--------+--------+--------+--------+--------+-----+--------+
         Total |   5831 |   5712 |    119 |    254 |   4638 |   5 | 1166.2 |
       Dungeon |   5831 |   5712 |    119 |    254 |   4638 |   5 | 1166.2 |
               +--------+--------+--------+--------+--------+-----+--------+

Top non-repeatable levels by time:
     D:1: 1712 daAuts
     D:3: 1370 daAuts
     D:2: 1327 daAuts
     D:4: 1024 daAuts
     D:5: 396 daAuts
